 Dungeon Crawl Stone Soup version 0.30.0-30-g96aa6591b8 (webtiles) character file.

Game seed: 17766627051860039478

58 cdecastro the Grasshopper (level 3, -1/31 HPs)
             Began as an Armataur Warper on June 30, 2023.
             Was an Initiate of Yredelemnul.
             Slain by Crazy Yiuf
             ... wielding a +4 quarterstaff of chaos
              (10 damage)
             ... on level 2 of the Dungeon.
             The game lasted 00:03:25 (1728 turns).

cdecastro the Grasshopper (Armataur Warper)         Turns: 1728, Time: 00:03:26

Health: -1/31      AC:  4    Str: 16    XL:     3   Next: 75%
Magic:  4/5        EV:  9    Int: 13    God:    Yredelemnul [......]
Gold:   56         SH:  0    Dex: 11    Spells: 5/5 levels left

rFire   . . .        a - +0 falchion
rCold   . . .        (no shield)
rNeg    . . .        b - +0 leather armour
rPois   .            (no helmet)
rElec   .            (no cloak)
rCorr   .            (no gloves)
SInv    .            (no barding)
Will    .....        (no amulet)
Stlth   +            n - ring of flight
HPRegen 0.25/turn    (no ring)
MPRegen 0.09/turn

%: roll
@: flying
A: large, rugged brown scales 3, deformed body, armoured tail, roll, long
tongue, awkward tongue
a: Renounce Religion, Recall Undead Harvest


You were on level 2 of the Dungeon.
You worshipped Yredelemnul.
Yredelemnul was noncommittal.
You visited 1 branch of the dungeon, and saw 2 of its levels.

You collected 56 gold pieces.

Inventory:

Hand Weapons
 a - a +0 falchion (weapon)
Missiles
 d - 7 boomerangs of dispersal (quivered)
 g - 6 poisoned darts
Armour
 b - a +0 leather armour (worn)
Jewellery
 n - a ring of flight (left hand)
Scrolls
 c - a scroll of blinking
 f - a scroll of silence {unknown}
 k - 5 scrolls of identify {unknown}
 o - a scroll of poison {unknown}
Potions
 e - 2 potions of curing {unknown}
 h - a potion of attraction {unknown}
 i - a potion of haste {unknown}
 j - a potion of magic {unknown}
 l - a potion of berserk rage {unknown}
 m - 2 potions of flight {unknown}


   Skills:
 - Level 1.7 Fighting
 + Level 2.5 Long Blades
 - Level 0.8 Throwing
 - Level 1.2 Armour
 - Level 1.3 Dodging
 - Level 1.7 Spellcasting
 * Level 4.2 Translocations


You had 5 spell levels left.
You didn't know any spells.
Your spell library contained the following spells:

 Spells                   Type           Power      Damage    Failure   Level
 Blink                    Tloc           24%        N/A       9%          2
 Lesser Beckoning         Tloc           24%        N/A       9%          2
 Gell's Gravitas          Tloc           12%        N/A       17%         3
 Teleport Other           Tloc           12%        N/A       17%         3
 Vhi's Electric Charge    Tloc/Air       12%        N/A       36%         3
 Scorch                   Fire           2%         2d5       43%         2
 Manifold Assault         Tloc           12%        N/A       50%         4
 Ozocubu's Armour         Ice            1%         N/A       67%         3
 Flame Wave               Conj/Fire      1%         2d4       97%         4
 Metabolic Englaciation   Hex/Ice        0%         N/A       100%        5
 Dispersal                Tloc           6%         N/A       100%        6
 Summon Cactus Giant      Summ           0%         N/A       100%        6
 Simulacrum               Ice/Necr       Unusable   N/A       N/A         6

Dungeon Overview and Level Annotations

Branches:
Dungeon (2/15)

Altars:
Yredelemnul

Annotations:
D:2 Crazy Yiuf


Innate Abilities, Weirdness & Mutations

You are completely covered in rugged brown scales. (AC +3, +7% HP)
Armour fits poorly on your strangely shaped body.
You have a long armoured tail.
You roll when moving toward enemies. (Rampage)
Your long tongue fully drains potion bottles. (2x potion effects)
Your tongue gives you trouble enunciating. (1.5x scroll delay)


Message History

You swap places.
You swap places.
Something hits your frilled lizard zombie!
Something burns your frilled lizard zombie.
Your frilled lizard zombie is destroyed!
You swap places.
Crazy Yiuf hits your hobgoblin zombie with a +4 quarterstaff of chaos!
Crazy Yiuf burns your hobgoblin zombie.
Your hobgoblin zombie is destroyed!
Unknown command.
Crazy Yiuf barely misses your goblin zombie.
Your goblin zombie hits Crazy Yiuf but does no damage.
Crazy Yiuf hits your goblin zombie with a +4 quarterstaff of chaos!
Your goblin zombie is destroyed!
Crazy Yiuf hits your frilled lizard zombie with a +4 quarterstaff of chaos!
Your frilled lizard zombie is destroyed!
Crazy Yiuf hits your ball python zombie with a +4 quarterstaff of chaos!
Crazy Yiuf burns your ball python zombie.
Your ball python zombie is destroyed!
You hit Crazy Yiuf.
Crazy Yiuf is moderately wounded.
Crazy Yiuf hits you with a +4 quarterstaff of chaos.
You hit Crazy Yiuf but do no damage.
Crazy Yiuf is moderately wounded.
Crazy Yiuf completely misses you.
You hit Crazy Yiuf but do no damage. Your punch misses Crazy Yiuf.
Crazy Yiuf is moderately wounded.
Crazy Yiuf hits you with a +4 quarterstaff of chaos!
* * * LOW HITPOINT WARNING * * *
You hit Crazy Yiuf but do no damage.
Crazy Yiuf is moderately wounded.
Crazy Yiuf hits you with a +4 quarterstaff of chaos.
* * * LOW HITPOINT WARNING * * *
You feel your power leaking away.
You barely miss Crazy Yiuf.
Crazy Yiuf is moderately wounded.
Crazy Yiuf says, "Ghoul!"
Crazy Yiuf hits you with a +4 quarterstaff of chaos!
You die...
Your body rises from the dead as a mindless zombie.

#####.###.##Z.....#..##.#
#.# #.###Z##.)#..##.# #.#
#<..#.########### #.#
###.#Z# #.# #.#.#
#.#####.#.##♣♣ ###
#.....#....#.♣♣ ♣♣#..)#
#####.##......♣♣♣♣g'...#
#....<......@g.♣..♣#...#
##########.#..♣.♣♣♣ ###
###♣♣♣♣♣


You could see Crazy Yiuf.

Vanquished Creatures
  An adder (D:2)
  A worm (D:2)
  A dart slug (D:1)
  4 ball pythons
  5 bats
  2 endoplasms (D:2)
  A giant cockroach (D:1)
  3 goblins
  5 hobgoblins
  3 jackals (D:1)
  4 kobolds
  2 quokkas (D:1)
  2 frilled lizards (D:2)
  4 rats
38 creatures vanquished.

Vanquished Creatures (collateral kills)
  A goblin (D:1)
  A frilled lizard (D:1)
2 creatures vanquished.

Vanquished Creatures (others)
  An adder zombie (D:2)
  2 bat zombies
  A ball python zombie (D:2)
  An endoplasm zombie (D:2)
  2 frilled lizard zombies (D:2)
  A goblin zombie (D:2)
  A hobgoblin zombie (D:2)
9 creatures vanquished.

Grand Total: 49 creatures vanquished

Notes
Turn   | Place    | Note
-------+----------+-------------------------------------------
     0 | D:1      | cdecastro the Armataur Warper began the quest for the Orb.
     0 | D:1      | Reached XP level 1. HP: 18/18 MP: 3/3
   196 | D:1      | Reached XP level 2. HP: 25/25 MP: 4/4
   383 | D:1      | Found a faded altar of an unknown god.
   395 | D:1      | Prayed at the altar of an unknown god.
   395 | D:1      | Became a worshipper of Yredelemnul the Dark
   395 | D:1      | Reached * piety under Yredelemnul
   573 | D:1      | Reached XP level 3. HP: 27/31 MP: 5/5
   936 | D:2      | Found a runed translucent door.
   937 | D:2      | Noticed Crazy Yiuf
   999 | D:2      | Reached skill level 4 in Translocations
  1728 | D:2      | Slain by Crazy Yiuf

Illustrated notes

Levels and vault maps discovered:
D:1:      roderic_crop_circles_arrival_small, layout_basic,
          hellmonk_ecumenical_altar_zigzags
D:2:      layout_basic, uniq_crazy_yiuf_cottage

Skill      XL: |  1  2  3 |
---------------+----------+-----
Long Blades    | 2 |  2.5
Translocations | 4 |  4.2
Fighting       | |  1.7
Throwing       | |  0.8
Armour         | |  1.2
Dodging        | |  1.3
Spellcasting   | |  1.7

Action                     || total
---------------------------++-------
  Melee: Falchion          ||   120
         Tailslap          ||    10
 Armour: Leather armour    ||    57
  Dodge: Dodged            ||    60
